 Dungeon Crawl Stone Soup version 0.30-a0-782-ge64f9170bb (webtiles) character file.

Game seed: 13137812465079718851

191 Monkooky the Stinger (level 5, 0/28 HPs)
             Began as a Tengu Venom Mage on Feb 19, 2023.
             Succumbed to a gnoll's poison
             ... on level 4 of the Dungeon.
             The game lasted 00:07:56 (3373 turns).

Monkooky the Stinger (Tengu Venom Mage)             Turns: 3373, Time: 00:07:56

Health: 0/28       AC: 23    Str:  8    XL:     5   Next: 70%
Magic:  6/8        EV:  1    Int: 19    God:
Gold:   156        SH:  0    Dex: 18    Spells: 4/8 levels left

rFire   . . .      SeeInvis .    q - +3 whip
rCold   + . .      Faith    .    (no shield)
rNeg    . . .      Spirit   +    l - +11 plate armour of Salvation {Contam rC+ Int+5}
rPois   .          Reflect  .    (helmet restricted)
rElec   .          Harm     .    x - +0 cloak
rCorr   .          Rampage  .    (no gloves)
Will    .....      Clarity  +    (boots unavailable) Stlth
                                 p - amulet of guardian spirit
HPRegen 0.24/turn                (no ring)
MPRegen 0.11/turn                (no ring)

@: mighty, lethally poisoned (0 -> -16), flying quickly and evasively, quick
A: beak, talons 3, nimble flight, agile 1, clarity, dopey 1, low MP 1
a: no special abilities


You were on level 4 of the Dungeon.
You visited 1 branch of the dungeon, and saw 4 of its levels.

You collected 156 gold pieces.

Inventory:

Hand Weapons
 q - a +3 whip (weapon)
Armour
 a - a +0 robe
 l - the +11 plate armour of Salvation (worn) {Contam rC+ Int+5}
   (You found it on level 2 of the Dungeon)

   Int:       It affects your intelligence (+5).
   rC:        It protects you from cold.
   Contam:    It causes magical contamination when unequipped.
 x - a +0 cloak (worn)
Magical Staves
 k - a staff of poison
 v - a staff of earth
Jewellery
 p - an amulet of guardian spirit (around neck)
Scrolls
 c - a scroll of enchant armour {unknown}
 d - 2 scrolls of identify {unknown}
 f - 3 scrolls of immolation {unknown}
 h - a scroll of enchant weapon {unknown}
 i - a scroll of butterflies {unknown}
 o - a scroll of amnesia {unknown}
 r - 2 scrolls of vulnerability {unknown}
 s - a scroll of blinking {unknown}
 w - 3 scrolls of brand weapon {unknown}
Potions
 b - a potion of magic
 e - a potion of might
 g - a potion of heal wounds {unknown}
 j - a potion of mutation
 m - a potion of curing {unknown}
 n - a potion of cancellation {unknown}
 t - a potion of lignification {unknown}
 u - a potion of berserk rage {unknown}
 z - a potion of haste {unknown}


   Skills:
 * Level 2.5 Armour
 - Level 2.1 Dodging
 - Level 2.0 Stealth
 - Level 2.1 Spellcasting
 - Level 2.5 Transmutations
 - Level 2.5 Air Magic
 - Level 4.0 Poison Magic


You had 4 spell levels left.
You knew the following spells:

 Your Spells              Type           Power      Damage    Failure   Level
a - Sting                 Tmut/Pois      56%        1d5       100%        1
b - Mephitic Cloud        Conj/Pois/Air  10%        N/A       100%        3

Your spell library contained the following spells:

 Spells                   Type           Power      Damage    Failure   Level
 Apportation              Tloc           2%         N/A       100%        1
 Necrotise                Necr           4%         1d4       100%        1
 Summon Small Mammal      Summ           4%         N/A       100%        1
 Poisonous Vapours        Pois/Air       28%        N/A       100%        2
 Olgreb's Toxic Radiance  Pois           17%        N/A       100%        4


Dungeon Overview and Level Annotations

Branches:
Dungeon (4/15)
 Temple: D:4-7

Altars:
Trog


Innate Abilities, Weirdness & Mutations

You have a beak for a mouth.
You have claws for feet.
Your magical nature lets you fly swiftly and evasively.
You are agile. (Dex +4, Str/Int -1)
You possess an exceptional clarity of mind.
You are dopey. (Int -2)
Your magical capacity is low. (-10% MP)


Message History

Casting: Sting (safe; 100% risk of failure)
Confirm with . or Enter, or press ? or * to list all spells.
Okay, then.
Unknown command.
You aren't carrying any items that you can evoke.
You closely miss the gnoll. Your kick misses the gnoll.
You feel sick. The gnoll hits you but does no damage.
You are more poisoned.
Press: ? - help, v - describe, . - travel
Here: a gnoll, wielding a +0 flail of venom (covering ground quickly)
The floor.
Unknown command.
Okay, then.
You closely miss the gnoll. You claw the gnoll. Your peck misses the gnoll.
The gnoll is moderately wounded.
You feel very sick. The gnoll barely misses you.
The gnoll bouda calls upon its god to heal the gnoll.
The gnoll's wounds heal themselves!
You hit the gnoll but do no damage.
You feel sick.
The gnoll hits you with a +0 flail of venom.
You are lethally poisoned!
The gnoll bouda hits you but does no damage.
You feel very mighty all of a sudden.
You feel very sick. The gnoll hits you but does no damage.
You are more poisoned.
The gnoll bouda hits you with a +0 whip.
* * * LOW HITPOINT WARNING * * *
You whack the gnoll!
You kill the gnoll!
* * * LOW HITPOINT WARNING * * *
You feel very sick.
The gnoll is no longer moving quickly.
The gnoll bouda barks out a call to the hunt!
The gnoll picks up the pace!
It was a potion of mutation.
You feel extremely strange.
Your thoughts seem clearer.
You feel stupid.
You feel less energetic.
You feel agile.
You die...

.#########.......#
.#.......#.......#
.#.......#.......#
.#.......#.......#####+##
.##......#.......#....>.##g
.##......#.......#.....)...
.........#......>#.........
.........#......g'g........
.........'......@#.........
##########.......##########
#########


You could see a gnoll bouda and a gnoll (swift).

Vanquished Creatures
  7 gnolls
  5 adders
  A worm (D:2)
  4 dart slugs
  8 bats
  4 endoplasms
  2 giant cockroaches (D:3)
  8 goblins
  11 hobgoblins
  4 quokkas
  6 ball pythons
  3 frilled lizards
  6 kobolds
  2 rats
71 creatures vanquished.

Notes
Turn   | Place    | Note
-------+----------+-------------------------------------------
     0 | D:1      | Monkooky the Tengu Venom Mage began the quest for the Orb.
     0 | D:1      | Reached XP level 1. HP: 10/10 MP: 4/4
    56 | D:1      | Reached skill level 1 in Transmutations
   190 | D:1      | Reached XP level 2. HP: 15/15 MP: 3/6
   949 | D:1      | Reached XP level 3. HP: 14/19 MP: 3/7
  1291 | D:1      | Learned a level 3 spell: Mephitic Cloud
  1524 | D:2      | Reached skill level 1 in Air Magic
  1814 | D:2      | Identified the +11 plate armour of Salvation {Contam rC+
                  | Int+5}
  1981 | D:2      | Reached XP level 4. HP: 22/24 MP: 5/8
  2038 | D:2      | Found a bloodstained altar of Trog.
  2541 | D:3      | Reached skill level 4 in Poison Magic
  2541 | D:3      | Gained mutation: Your magical nature lets you fly swiftly
                  | and evasively. [Tengu growth]
  2541 | D:3      | Reached XP level 5. HP: 27/28 MP: 9/9
  2637 | D:2      | Reached skill level 1 in Armour
  2675 | D:3      | Found a faded altar of an unknown god.
  2675 | D:3      | Noticed an Ice Fiend
  2977 | D:3      | Found the +3 pair of mountain boots {steadfast, rC+}
  3373 | D:4      | Gained mutation: You possess an exceptional clarity of
                  | mind. [potion of mutation]
  3373 | D:4      | Gained mutation: You are dopey. (Int -2) [potion of
                  | mutation]
  3373 | D:4      | Gained mutation: Your magical capacity is low. (-10% MP)
                  | [potion of mutation]
  3373 | D:4      | Gained mutation: You are agile. (Dex +4, Str/Int -1)
                  | [potion of mutation]
  3373 | D:4      | Succumbed to a gnoll's poison

Illustrated notes

Levels and vault maps discovered:
D:1:      dpeg_arrival_morbid_curiosity, layout_basic
D:2:      layout_loops_ring, basic_altar
D:3:      layout_rooms, dreamdust_ecumenical_altar_sealed_demon, serial_rivers,
          chequers_serial_rivers_small_3, chequers_serial_rivers_micro_e,
          chequers_serial_rivers_small_b, chequers_serial_rivers_room_a,
          chequers_serial_rivers_room_b, chequers_serial_rivers_micro_b,
          minmay_fractal_squares_5
D:4:      layout_gridville, gup_sewer_entry_pipe

Skill      XL: |  1  2  3  4  5 |
---------------+----------------+-----
Transmutations | 1 2 |  2.5
Air Magic      | 2 |  2.5
Poison Magic   | 4 |  4.0
Armour         | 2 |  2.5
Dodging        | |  2.1
Stealth        | |  2.0
Spellcasting   | |  2.1

Action                     |  1- 3 |  4- 6 || total
---------------------------+-------+-------++-------
  Melee: Unarmed           |    14 |       ||    14
         Kick              |     6 |    46 ||    52
         Staff             |     3 |   105 ||   108
         Peck              |     3 |    22 ||    25
         Whip              |       |    31 ||    31
   Cast: Sting             |    70 |       ||    70
    Use: Potion            |     1 |     2 ||     3
 Armour: Robe              |     5 |       ||     5
         Plate armour      |       |   149 ||   149
  Dodge: Dodged            |    30 |    10 ||    40

Table legend: (Time is in decaauts)
 A = Elapsed time spent in this place.
 B = Non-inter-level travel time spent in this place.
 C = Inter-level travel time spent in this place.
 D = Time resting spent in this place.
 E = Time spent auto-exploring this place.
 F = Levels seen in this place.
 G = Mean time per level.
                   A        B        C        D        E       F      G
               +--------+--------+--------+--------+--------+-----+--------+
         Total |   3334 |   3176 |    158 |    174 |   2417 |   4 |  833.5 |
       Dungeon |   3334 |   3176 |    158 |    174 |   2417 |   4 |  833.5 |
               +--------+--------+--------+--------+--------+-----+--------+

Top non-repeatable levels by time:
     D:1: 1663 daAuts
     D:2: 915 daAuts
     D:3: 719 daAuts
     D:4: 36 daAuts
